 Dungeon Crawl Stone Soup version 0.27.1-3-gb3d3a73c9e (webtiles) character file.

Game seed: 15442271701127812198

149124 illway the Warrior (level 16, -5/146 (151) HPs)
             Began as a Minotaur Berserker on Oct 24, 2021.
             Was an Elder of Trog.
             Slain by an Executioner (19 damage)
             ... summoned by a deep elf demonologist
             ... on level 3 of the Elven Halls on Oct 25, 2021.
             The game lasted 02:38:37 (35383 turns).

illway the Warrior (Minotaur Berserker)            Turns: 35383, Time: 02:38:37

HP:   -5/146 (151)  AC: 36    Str: 28    XL:     16   Next: 95%
MP:   24/24         EV: 13    Int:  4    God:    Trog [****..]
Gold: 735           SH:  7    Dex: 11    Spells: 15/15 levels left

rFire    + + +     SeeInvis +   a - +5 hand axe (freeze)
rCold    . . .     Faith    .   S - +1 buckler {AC+3}
rNeg     + + .     Spirit   .   Q - +9 plate armour of the Salamander {-Tele +Inv rF+++ rN+}
rPois    .         Reflect  .   (helmet restricted)
rElec    .         Harm     .   (no cloak)
rCorr    .         Rampage  .   l - +2 pair of gloves
Will     +++..     NoTele   +   D - +2 pair of boots
Stlth    ..........             K - amulet of regeneration
HPRegen  2.34/turn              B - ring of see invisible
MPRegen  0.19/turn              u - ring "Lyuwakil" {+Blink rN+ MP+9}

@: mighty, strong-willed (expiring), on berserk cooldown, regenerating
(expiring), lightly drained
A: horns 2, retaliatory headbutt
a: Renounce Religion, Evoke Blink, Evoke Invisibility, Berserk, Trog's Hand,
Brothers in Arms


You were on level 3 of the Elven Halls.
You worshipped Trog.
Trog was greatly pleased with you.
You visited 4 branches of the dungeon, and saw 22 of its levels.
You also visited: Ossuary.

You collected 2441 gold pieces.
You spent 1706 gold pieces at shops.

Inventory:

Hand Weapons
 a - a +5 hand axe of freezing (weapon)
 b - a +1 mace of protection
 I - the +6 glaive of Fee Simple {vorpal, *Corrode Str+4 Int+3}
   (You found it on level 4 of the Lair of Beasts)

   It inflicts extra damage upon your enemies.
   Str:       It affects your strength (+4).
   Int:       It affects your intelligence (+3).
   *Corrode:  It may corrode you when you take damage.
 N - a +2 executioner's axe of holy wrath
Missiles
 t - 5 throwing nets (quivered)
Armour
 l - a +2 pair of gloves (worn)
 r - a +1 pair of boots of rampaging
 C - a +1 pair of gloves
 D - a +2 pair of boots (worn)
 Q - the +9 plate armour of the Salamander (worn) {-Tele +Inv rF+++ rN+}
   (You bought it in a shop on level 2 of the Orcish Mines)

   rF:        It renders you almost immune to fire.
   rN:        It protects you from negative energy.
   +Inv:      It lets you turn invisible.
   -Tele:     It prevents most forms of teleportation.
 S - a +1 buckler of protection (worn)
Jewellery
 u - the ring "Lyuwakil" (right hand) {+Blink rN+ MP+9}
   (You found it on level 10 of the Dungeon)

   [ring of magical power]

   rN:        It protects you from negative energy.
   MP:        It affects your magic capacity (+9).
   +Blink:    It lets you blink.
 v - a ring of protection from fire
 w - a ring of flight
 y - an amulet of guardian spirit
 B - a ring of see invisible (left hand)
 H - the ring "Gixug" {rF+ MP+9 Str+2 SInv}
   (You took it off a deep elf archer on level 3 of the Elven Halls)

   [ring of see invisible]

   Str:       It affects your strength (+2).
   rF:        It protects you from fire.
   MP:        It affects your magic capacity (+9).
   SInv:      It lets you see invisible.
 J - a ring of resist corrosion
 K - an amulet of regeneration (around neck)
 P - a ring of poison resistance
Wands
 g - a wand of flame (11)
 n - a wand of polymorph (14)
 s - a wand of iceblast (39)
 z - a wand of mindburst (10)
 L - a wand of charming (7)
 O - a wand of digging (15)
Scrolls
 f - a scroll of holy word
 i - 3 scrolls of blinking
 o - 2 scrolls of magic mapping
 p - 2 scrolls of fog
 x - a scroll of vulnerability
 A - a scroll of fear
 F - 2 scrolls of immolation
 M - 3 scrolls of identify
Potions
 d - 3 potions of cancellation
 e - a potion of attraction
 h - 6 potions of mutation
 j - 2 potions of magic
 k - 9 potions of degeneration
 m - 2 potions of ambrosia
 q - a potion of flight
 E - 3 potions of invisibility
 R - a potion of curing
Miscellaneous
 G - a phantom mirror


   Skills:
 + Level 15.8 Fighting
 + Level 15.5(15.9) Axes
 - Level 6.1(11.9) Polearms
 + Level 15.4 Armour
 + Level 14.3 Dodging
 - Level 0.5 Stealth
 + Level 10.0 Shields
 + Level 12.2 Evocations


You had 15 spell levels left.
You didn't know any spells.
Your spell library contained the following spells:

 Spells                   Type           Power      Damage    Failure   Level
 Corpse Rot               Necr/Air       N/A        N/A       99%         2
 Poisonous Vapours        Pois/Air       0%         N/A       99%         2
 Call Canine Familiar     Summ           0%         N/A       100%        3
 Dazzling Flash           Conj/Hex       0%         N/A       100%        3
 Portal Projectile        Hex/Tloc       0%         N/A       100%        3
 Leda's Liquefaction      Hex/Erth       0%         N/A       100%        4
 Agony                    Necr           0%         N/A       100%        5
 Alistair's Intoxication  Tmut/Pois      0%         N/A       100%        5
 Borgnjor's Vile Clutch   Necr/Erth      0%         N/A       100%        5
 Freezing Cloud           Conj/Ice/Air   0%         6-21      100%        5
 Silence                  Hex/Air        0%         N/A       100%        5
 Summon Forest            Summ/Tloc      0%         N/A       100%        5
 Eringya's Noxious Bog    Tmut/Pois      0%         N/A       100%        6
 Summon Hydra             Summ           0%         N/A       100%        7
 Chain Lightning          Conj/Air       0%         N/A       100%        9
 Fire Storm               Conj/Fire      0%         5d1       100%        9


Dungeon Overview and Level Annotations

Branches:
Dungeon (11/15)            Temple (0/1) D:5            Lair (6/6) D:10
  Snake (0/4) Lair:2        Slime (0/5) Lair:5          Orc (2/2) D:11
    Elf (3/3) Orc:2       Ossuary (visited)
  Swamp: Lair:2-4    Shoals: Lair:2-4

Altars:
Qazlal
Ru
Vehumet
Xom
Yredelemnul
Zin
The Shining One
Beogh

Shops:
D:2 [:   D:3 *   Orc:2 ([**?   Elf:2 *   Elf:3 :

Annotations:
Lair:4 exclusion: 2 oklob plants


Innate Abilities, Weirdness & Mutations

You have a pair of horns on your head.
You reflexively headbutt those who attack you in melee.


Message History

You block the Executioner's attack.
The Executioner hits you but does no damage.
The Executioner barely misses you. The Executioner hits you.
* * * LOW HITPOINT WARNING * * *
There is an open door, spattered with blood here.
The Executioner hits you but does no damage. x3
You block the Executioner's attack. x2
The Executioner hits you but does no damage.
The Executioner hits you!!
* * * LOW HITPOINT WARNING * * *
The Executioner hits you but does no damage.
You block the Executioner's attack.
You feel yourself speed up.
You feel the effects of Trog's Hand fading.
The Executioner barely misses you. You furiously retaliate!
You headbutt the Executioner.
The Executioner hits you but does no damage. x5
You hear rumbling.
The Executioner completely misses you. You furiously retaliate!
You headbutt the Executioner! The Executioner hits you.
* * * LOW HITPOINT WARNING * * *
The Executioner closely misses you.
The Executioner hits you but does no damage. x2
The Executioner completely misses you.
There is an open door here.
The Executioner misses you. You block the Executioner's attack.
The Executioner hits you but does no damage.
The Executioner hits you.
* * * LOW HITPOINT WARNING * * *
The Executioner barely misses you.
The Executioner hits you but does no damage.
The Executioner hits you.
* * * LOW HITPOINT WARNING * * *
The Executioner hits you but does no damage. x2
The Executioner completely misses you.
The Executioner hits you but does no damage.
You block the Executioner's attack.
The Executioner hits you but does no damage. x2
You block the Executioner's attack. The Executioner hits you!!
You die...

##'##.## #.# ##.####.###
#...'## #.# ##.#######
.....# #.# ##.###...###
.....# ###'###.##.......###
.....# ##.).##.#...........#
#...####..<)['##........)..#
##+## #...[...##...........#
#.# #...)...''....(......#
#.# #.......##@..........#
##'## ##...[.###1..........#
#...## ##...## #...........#
..P..## ##### ##E.......###
......## ###.###...###
.......#######.E## #####
.....P.')[.([..############
.......######...'EE3.......
......## #...#.#.###.###


You could see an Executioner (summoned, fast) and an earth elemental (summoned).

Vanquished Creatures
  The ghost of Oconwepn the Slayer, an adept HOMo of Beogh (Elf:1)
  Gastronok (Lair:3)
  2 deep elf sorcerers (Elf:3)
  A deep elf elementalist (Elf:3)
  A deep elf demonologist (Elf:3)
  A dire elephant (Lair:4)
  4 deep elf death magi
  Josephine (Lair:6)
  8 hydras
  A boulder beetle (Lair:4)
  2 two-headed ogres
  25 dancing weapons
  7 death yaks
  An orc high priest (Orc:2)
  28 deep elf knights
  16 deep elf archers
  5 orc knights
  3 necromancers (Elf:1)
  Pikel (D:5)
  25 deep elf zephyrmancers
  35 deep elf pyromancers
  An ugly thing (D:11)
  4 orc sorcerers (Orc:2)
  7 black mambas
  5 elephants
  A merfolk siren (Lair:2)
  A gargoyle (D:11)
  3 torpor snails
  16 cane toads
  Maggie (D:7)
  7 rime drakes
  An unseen horror (D:10)
  9 komodo dragons
  6 polar bears
  3 trolls
  5 hornets
  12 dream sheep (Lair:6)
  8 blink frogs (Lair:4)
  Prince Ribbit (D:7)
  Sigmund (D:2)
  46 yaks
  6 spriggans (Lair:6)
  3 shadows
  A spriggan (shapeshifter) (Elf:2)
  3 wyverns
  4 wraiths
  4 fire elementals
  2 water elementals
  A basilisk (Lair:5)
  A steam dragon (Lair:2)
  2 large abominations (Elf:1)
  A naga (Lair:2)
  Menkaure (D:7)
  2 acid dragons
  4 wargs
  10 water moccasins
  19 orc warriors
  A sky beast (D:6)
  A swamp drake (D:11)
  3 black bears
  4 necrophages
  9 ogres
  3 boggarts (Lair:6)
  23 wolves (Lair:6)
  4 centaurs
  4 elf zombies (Elf:1)
  A lemure (D:5)
  3 phantoms (D:4)
  2 kobold brigands (D:11)
  9 bullfrogs
  An earth elemental (Elf:2)
  2 scorpions
  2 wyvern skeletons
  8 killer bees
  14 wights
  An electric eel (Lair:5)
  A vampire bat (D:4)
  2 howler monkeys (D:7)
  A bullfrog zombie (D:5)
  3 centaur zombies
  A human zombie (Ossuary)
  13 orc priests
  A hound (D:7)
  4 jellies
  Crazy Yiuf (D:7)
  A centaur skeleton (D:7)
  A gnoll shaman (D:10)
  Jessica (D:3)
  Ijyb (D:3)
  6 hell rats (Lair:4)
  2 iguanas
  Natasha (thrice) (D:3)
  8 orc wizards
  A hound zombie (Ossuary)
  4 mummies (Ossuary)
  3 howler monkey zombies
  3 gnolls (D:10)
  5 adders
  A howler monkey skeleton (D:7)
  A shadow imp (D:8)
  A white imp (D:6)
  An ufetubus (D:5)
  4 adder zombies (Ossuary)
  2 adder skeletons
  2 worms
  4 dart slugs
  54 orcs
  A ball python (D:4)
  12 bats
  13 endoplasms
  6 giant cockroaches
  8 goblins
  8 hobgoblins
  10 quokkas
  5 frilled lizards
  3 gnoll zombies (Ossuary)
  A goblin zombie (Ossuary)
  26 kobolds
  A kobold zombie (Ossuary)
  An orc zombie (Ossuary)
  7 rats
  A bush (Lair:3)
705 creatures vanquished.

Vanquished Creatures (collateral kills)
  3 deep elf demonologists (Elf:3)
  A deep elf annihilator (Elf:1)
  2 peacekeepers (Elf:1)
  A hydra (Lair:6)
  2 dancing weapons (Elf:2)
  2 orc high priests (Orc:2)
  4 death yaks (Lair:6)
  4 deep elf knights
  2 deep elf archers (Elf:3)
  2 deep elf pyromancers
  2 deep elf zephyrmancers (Elf:2)
  2 orc sorcerers (Orc:2)
  2 orc knights (Orc:2)
  A merfolk siren (Lair:2)
  2 elephants (Lair:5)
  A polar bear (Lair:6)
  2 merfolk (Lair:2)
  2 hornets (Lair:6)
  A dream sheep (Lair:6)
  6 spriggans (Lair:6)
  A water elemental (Elf:2)
  5 yaks (Lair:6)
  A warg (Orc:2)
  3 orc warriors (Orc:2)
  2 black bears (Lair:6)
  A boggart (Lair:6)
  9 wolves (Lair:6)
  An orc wizard (Orc:2)
  7 orcs (Orc:2)
74 creatures vanquished.

Vanquished Creatures (others)
  2 deep elf knights (Elf:3)
  A deep elf pyromancer (Elf:3)
  An orc wizard (Orc:2)
  An orc (D:11)
  A bush (Lair:3)
  39 fungi
  51 plants
96 creatures vanquished.

Grand Total: 875 creatures vanquished

Notes
Turn   | Place    | Note
-------+----------+-------------------------------------------
     0 | D:1      | illway the Minotaur Berserker began the quest for the Orb.
     0 | D:1      | Reached XP level 1. HP: 19/19 MP: 0/0
   244 | D:1      | Reached XP level 2. HP: 23/27 MP: 1/1
   302 | D:1      | Found a faded altar of an unknown god.
   892 | D:1      | Reached XP level 3. HP: 30/34 MP: 2/2
  1005 | D:2      | Reached ** piety under Trog
  1375 | D:2      | Noticed a necrophage
  1383 | D:2      | Killed a necrophage
  1384 | D:2      | Reached skill level 5 in Axes
  1384 | D:2      | Reached XP level 4. HP: 41/41 MP: 3/3
  1478 | D:2      | Found Jianerph's Book Shop.
  1564 | D:2      | Noticed Sigmund
  1578 | D:2      | Killed Sigmund
  1579 | D:2      | Reached skill level 5 in Fighting
  1579 | D:2      | Reached skill level 1 in Evocations
  1579 | D:2      | Reached XP level 5. HP: 27/48 MP: 4/4
  1579 | D:2      | Reached XP level 6. HP: 32/56 MP: 5/5
  2060 | D:2      | Found Ehuahuk's Armour Shop.
  2105 | D:3      | Noticed Jessica
  2111 | D:3      | Killed Jessica
  2284 | D:3      | Noticed Ijyb
  2299 | D:3      | Killed Ijyb
  2765 | D:3      | Noticed Natasha
  2773 | D:3      | Killed Natasha
  2897 | D:3      | Found a glowing golden altar of the Shining One.
  3055 | D:3      | Found Nadus's General Store.
  3191 | D:3      | Noticed Natasha
  3201 | D:3      | Killed Natasha
  3218 | D:3      | Noticed Natasha
  3223 | D:3      | Killed Natasha
  3492 | D:4      | Reached XP level 7. HP: 29/62 MP: 6/6
  3654 | D:4      | Found a glowing drain.
  3843 | D:4      | Found a sand-covered staircase.
  3856 | Ossuary  | Entered an ossuary
  4642 | D:4      | Reached *** piety under Trog
  4728 | D:4      | Reached XP level 8. HP: 48/71 MP: 7/7
  4888 | D:4      | Reached skill level 5 in Armour
  5035 | D:4      | Reached skill level 5 in Dodging
  5507 | D:5      | Entered Level 5 of the Dungeon
  5539 | D:5      | Noticed Pikel
  5640 | D:5      | Found a staircase to the Ecumenical Temple.
  6030 | D:5      | Killed Pikel
  6311 | D:6      | Reached XP level 9. HP: 40/79 MP: 3/8
  6496 | D:6      | Identified the +2 scale mail "Nokookk" {Slay+3}
  7501 | D:7      | Noticed Prince Ribbit
  7595 | D:7      | Noticed Menkaure
  7603 | D:7      | Killed Menkaure
  7668 | D:7      | Noticed a two-headed ogre
  7683 | D:7      | Killed a two-headed ogre
  7684 | D:7      | Reached skill level 5 in Evocations
  8173 | D:7      | Noticed Maggie
  8194 | D:7      | Killed Maggie
  8353 | D:7      | Killed Prince Ribbit
  8354 | D:7      | Reached XP level 10. HP: 65/90 MP: 6/9
  8723 | D:7      | Noticed a deep elf pyromancer
  8760 | D:7      | Killed a deep elf pyromancer
  9113 | D:7      | Found a runed translucent door.
  9114 | D:7      | Noticed Crazy Yiuf
  9121 | D:7      | Killed Crazy Yiuf
 10502 | D:8      | Identified the +2 robe of the First Snow {Stlth+}
 10551 | D:8      | Found a glowing silver altar of Zin.
 11486 | D:9      | You fall into a shaft and drop 2 floors!
 11535 | D:11     | Noticed a red ugly thing
 11549 | D:11     | Killed a red ugly thing
 11550 | D:11     | Reached skill level 10 in Axes
 11984 | D:11     | Reached skill level 10 in Fighting
 11999 | D:11     | Reached XP level 11. HP: 73/99 MP: 7/10
 12130 | D:10     | Entered Level 10 of the Dungeon
 12130 | D:10     | Found a sacrificial altar of Ru.
 12267 | D:9      | Reached **** piety under Trog
 13091 | D:10     | Found a staircase to the Lair.
 13130 | Lair:1   | Entered Level 1 of the Lair of Beasts
 13532 | D:10     | Identified the ring "Lyuwakil" {+Blink rN+ MP+9}
 13630 | D:10     | Found a basalt altar of Yredelemnul.
 13721 | D:10     | Found a radiant altar of Vehumet.
 13863 | D:10     | Found a stormy altar of Qazlal.
 14275 | Lair:1   | Noticed a four-headed hydra
 14293 | Lair:1   | Killed an 11-headed hydra
 14295 | Lair:1   | Reached skill level 10 in Armour
 15496 | Lair:2   | Noticed a death yak
 15496 | Lair:2   | Noticed a death yak
 15496 | Lair:2   | Noticed a death yak
 15513 | Lair:1   | Killed a death yak
 15698 | Lair:1   | Killed a death yak
 15700 | Lair:1   | Killed a death yak
 15810 | Lair:2   | Reached XP level 12. HP: 83/110 MP: 11/11
 16130 | Lair:2   | Reached skill level 10 in Dodging
 16687 | Lair:2   | Found a staircase to the Snake Pit.
 16691 | Lair:2   | Noticed a five-headed hydra
 16693 | Lair:2   | Noticed an eight-headed hydra
 16701 | Lair:2   | Killed an eight-headed hydra
 16703 | Lair:2   | Killed a seven-headed hydra
 17314 | Lair:3   | Noticed an eight-headed hydra
 17333 | Lair:3   | HP: 3/112 [poisoned by a cane toad]
 17347 | Lair:3   | HP: 5/112 [polar bear (10)]
 17970 | Lair:3   | Noticed Gastronok
 18023 | Lair:3   | Killed Gastronok
 18358 | Lair:3   | Killed a 12-headed hydra
 19199 | Lair:3   | Reached XP level 13. HP: 110/119 MP: 12/12
 20458 | Lair:4   | Noticed a dire elephant
 20474 | Lair:4   | Killed a dire elephant
 20606 | Lair:4   | Reached ***** piety under Trog
 20727 | Lair:4   | Identified the +6 glaive of Fee Simple {vorpal, *Corrode
                  | Str+4 Int+3}
 20901 | Lair:4   | Reached skill level 1 in Polearms
 22003 | Lair:5   | Found a staircase to the Slime Pits.
 22899 | Lair:6   | Entered Level 6 of the Lair of Beasts
 23078 | Lair:6   | Reached skill level 5 in Polearms
 23541 | Lair:6   | Reached skill level 1 in Shields
 23547 | Lair:6   | Reached XP level 14. HP: 123/129 MP: 13/13
 23562 | Lair:6   | Reached skill level 10 in Evocations
 23562 | Lair:6   | Paralysed by a hornet for 1 turns
 23849 | Lair:6   | Noticed Josephine
 23862 | Lair:6   | Killed Josephine
 26294 | D:11     | Found a staircase to the Orcish Mines.
 26382 | Orc:1    | Entered Level 1 of the Orcish Mines
 26685 | Orc:2    | Entered Level 2 of the Orcish Mines
 26728 | Orc:2    | HP: 2/130 [orc knight (30)]
 26840 | Orc:1    | HP: 5/130 [orc knight (7)]
 27157 | Orc:2    | Found Oluji's Magic Scroll Shop.
 27170 | Orc:2    | Bought a scroll of identify for 26 gold pieces
 27170 | Orc:2    | Bought a scroll of teleportation for 39 gold pieces
 27170 | Orc:2    | Bought a scroll of identify for 26 gold pieces
 27170 | Orc:2    | Bought a scroll of identify for 26 gold pieces
 27269 | Orc:2    | Found a frozen archway.
 27293 | Orc:2    | Reached skill level 5 in Shields
 27403 | Orc:2    | Found a staircase to the Elven Halls.
 27740 | Orc:2    | Found Dextiul's Assorted Antiques.
 27740 | Orc:2    | Found Tydwol's Antique Weapon Shop.
 27751 | Orc:2    | Found Topteq's General Store.
 27751 | Orc:2    | Found Wetusuh's Armour Shop.
 27763 | Orc:2    | Bought a potion of heal wounds for 85 gold pieces
 27763 | Orc:2    | Bought a scroll of teleportation for 51 gold pieces
 27764 | Orc:2    | Bought the +9 plate armour of the Salamander {-Tele +Inv
                  | rF+++ rN+} for 1329 gold pieces
 28041 | Elf:1    | Entered Level 1 of the Elven Halls
 28131 | Elf:1    | Reached XP level 15. HP: 116/138 MP: 14/14
 28733 | Elf:1    | Found a shimmering altar of Xom.
 28733 | Elf:1    | Noticed Oconwepn's ghost (adept HOMo)
 28734 | Elf:1    | Found a runed translucent door.
 28840 | Elf:1    | Killed Oconwepn's ghost
 30181 | Elf:2    | Found Iwkousua's Assorted Antiques.
 30188 | Elf:2    | Bought a wand of iceblast (14) for 124 gold pieces
 30975 | Elf:2    | Reached skill level 15 in Fighting
 31128 | Elf:2    | Reached XP level 16. HP: 147/149 MP: 15/15
 31130 | Elf:2    | Found a runed translucent gate.
 31131 | Elf:2    | Found a runed translucent gate.
 31131 | Elf:2    | Found a runed translucent gate.
 31215 | Elf:2    | Received a gift from Trog
 31873 | Elf:2    | Reached skill level 15 in Axes
 32202 | Elf:3    | Entered Level 3 of the Elven Halls
 32506 | Elf:3    | Found Umydaud's Book Shop.
 32572 | Elf:3    | Reached skill level 15 in Armour
 32759 | Elf:3    | HP: 4/149 [deep elf archer/arrow (17)]
 34415 | Elf:3    | Identified the ring "Gixug" {rF+ MP+9 Str+2 SInv}
 34626 | Elf:3    | Reached skill level 10 in Shields
 35314 | Elf:3    | Noticed an Executioner
 35350 | Elf:3    | Noticed a Hell Sentinel
 35352 | Elf:3    | Noticed a Tzitzimitl
 35373 | Elf:3    | Noticed an Executioner
 35383 | Elf:3    | Slain by an Executioner

Illustrated notes

Levels and vault maps discovered:
D:1:      erik_arrival_orb_chamber, layout_rooms, ebering_ecumenical_altar_webs
D:2:      layout_loops_ring, serial_shops, nicolae_shop_trees,
          nicolae_shop_stone, uniq_sigmund
D:3:      layout_basic, mainiacjoe_overflow_surrounded_room, serial_shops, shop,
          kennysheep_nub, uniq_natasha, uniq_ijyb, uniq_jessica
D:4:      minmay_polygon_palace, layout_basic, gup_sewer_entry_pipe,
          enter_ossuary_2, roderic_batcave
D:5:      layout_rooms, minmay_temple_entry_slanted, uniq_pikel
D:6:      layout_cave_pools, serial_rivers, chequers_serial_rivers_small_b,
          chequers_serial_rivers_micro_c, chequers_serial_rivers_marsh,
          chequers_serial_rivers_micro_d, chequers_serial_rivers_room_b,
          lightli_orcish_oven
D:7:      minmay_chambers_of_fours, layout_loops_ring, kennysheep_path_1,
          uniq_menkaure, uniq_maggie, uniq_prince_ribbit1,
          uniq_crazy_yiuf_cottage
D:8:      layout_loops_corners, mainiacjoe_overflow_six_doors_small
D:9:      layout_loops_ring
D:10:     layout_loops_ring, kennysheep_mini_moat,
          nicolae_qazlal_style_of_elements, lemuel_tele_altar,
          nicolae_ru_the_path_less_chosen, erik_lair_orcish_takeover
D:11:     layout_stronghold, erik_orc_1
Lair:1:   layout_roguey
Lair:2:   layout_big_grid, elwin_shoals_entry_stream,
          guppyfry_snake_entry_island, st_stairs_6
Lair:3:   layout_loops_ring, cheibrodos_lair_lostbears, uniq_gastronok
Lair:4:   layout_cellular_growth, nzn_random_ring, minmay_lair_oklob_chamber
Lair:5:   layout_big_grid, nicolae_slime_entry_slimehenge, enter_volcano_2,
          chequers_serial_rivers_room_a, lookout_lair_type, lemuel_fruit_tree,
          grunt_megastairs_3
Lair:6:   minmay_lair_end_enchanted_forest, layout_long_grid,
          grunt_megastairs_5, uniq_josephine
Orc:1:    layout_caves, uniq_urug
Orc:2:    grunt_orc_tribal_feast, layout_caves, serial_shops,
          nicolae_shop_competitors_out_of_business, basic_altar,
          portal_ice_cave_rime
Elf:1:    eino_elf_arrival_the_gate, layout_loops_ring,
          portal_desolation_entry_twin_temple, ebering_ghost_xom,
          minmay_elf_necromancy, minivault_26
Elf:2:    nicolae_elf_blades_crystal_corner, layout_geoelf_diagonals,
          serial_shops, shop, drop_trap
Elf:3:    elf_hall_gauntlet_narrow, layout_geoelf_octagon, serial_shops,
          shop_fountains

Skill      XL: |  1  2  3  4  5  6  7  8  9 10 11 12 13 14 15 16 |
---------------+-------------------------------------------------+-----
Fighting       | 4 5 6 7 8 10 11 12 13 14 15 | 15.8
Axes           | 4 5 6 7 9 10 11 12 13 14 15 | 15.5
Armour         | 3 4 6 7 9 10 11 12 13 14 15 | 15.4
Dodging        | 3 4 6 7 8 9 11 12 13 14 | 14.3
Evocations     | 1 2 3 4 5 6 7 9 10 11 12 | 12.2
Polearms       | 6 |  6.1
Shields        | 1 5 8 10 | 10.0
Stealth        | |  0.5

Action                   |  1- 3 |  4- 6 |  7- 9 | 10-12 | 13-15 | 16-18 || total
-------------------------+-------+-------+-------+-------+-------+-------++-------
Melee: Hand axe          |    73 |    73 |   377 |   697 |  1095 |   527 ||  2842
       Headbutt          |     9 |    18 |    68 |   195 |   279 |    85 ||   654
       Glaive            |       |       |       |       |   124 |       ||   124
Throw: Throwing net      |       |       |       |       |       |     5 ||     5
Invok: Berserk           |     1 |     1 |     5 |     6 |     9 |     6 ||    28
       Trog's Hand       |       |     2 |    11 |    12 |    14 |    15 ||    54
       Brothers in Arms  |       |       |       |     2 |    16 |     6 ||    24
 Abil: Evoke Blink       |       |       |       |     1 |     3 |       ||     4
       Evoke Invisibilit |       |       |       |       |       |     1 ||     1
Evoke: Wand              |       |     5 |     4 |    16 |    47 |    20 ||    92
       Phantom mirror    |       |       |       |     2 |       |       ||     2
  Use: Scroll            |     1 |       |    17 |     9 |     8 |     5 ||    40
       Potion            |       |       |     5 |    11 |     3 |     2 ||    21
 Stab: Distracted        |       |       |       |       |     2 |     1 ||     3
Armor: Animal skin       |    13 |     8 |    12 |       |       |       ||    33
       Plate armour      |       |       |   180 |   408 |   628 |   353 ||  1569
Dodge: Dodged            |    42 |    40 |   176 |   292 |   512 |   227 ||  1289
Block: Kite shield       |       |       |       |       |   112 |       ||   112
       Buckler           |       |       |       |       |   151 |   146 ||   297
